 Dungeon Crawl Stone Soup version 0.19.1 (webtiles) character file.

2200 dajomu the Carver (level 9, -9/75 HPs)
             Began as a Minotaur Fighter on Dec 14, 2016.
             Was an Initiate of Makhleb.
             Killed by divine providence
             ... invoked by an orc priest
              (13 damage)
             ... on level 6 of the Dungeon.
             The game lasted 00:44:48 (5975 turns).

dajomu the Carver (Minotaur Fighter)                Turns: 5975, Time: 00:44:48

Health: -9/75      AC: 15    Str: 21    XL:     9   Next: 12%
Magic:  8/8        EV: 11    Int:  9    God:    Makhleb [......]
Gold:   75         SH: 11    Dex: 13    Spells: 0 memorised, 8 levels left

rFire  . . .     SeeInvis .     a - +1 long sword
rCold  . . .     Gourm    .     K - +5 ring mail of Poor Excuses {Int+4}
rNeg   + . .     Faith    .     c - +0 shield
rPois  .         Spirit   .     (helmet restricted)
rElec  .         Reflect  .     (no cloak)
rCorr  .         Harm     .     n - +2 pair of gloves
MR     .....                    (no boots)
Stlth  ++........               w - amulet of regeneration
                                D - ring of stealth
                                h - ring of positive energy

@: no status effects
A: retaliatory headbutt, horns 2
a: Renounce Religion


You were on level 6 of the Dungeon.
You worshipped Makhleb.
Makhleb was noncommittal.
You were not hungry.

You visited 2 branches of the dungeon, and saw 7 of its levels.

You collected 340 gold pieces.
You spent 265 gold pieces at shops.

Inventory:

Hand Weapons
 a - a +1 long sword (weapon)
 m - a +1 dagger of speed
 r - a +0 hunting sling
 v - a -3 executioner's axe
 C - a +2 quarterstaff of chaos
 H - a +0 dire flail of holy wrath
 M - a +4 hand axe
 N - a +0 rapier
 O - a +0 scimitar
 P - a +1 whip of freezing
Missiles
 f - 13 tomahawks (quivered)
 s - 181 stones
Armour
 c - a +0 shield (worn)
 i - a cursed +0 robe
 k - a +0 pair of gloves
 n - a +2 pair of gloves (worn)
 u - a +0 scale mail
 I - a +0 ring mail
 K - the +5 ring mail of Poor Excuses (worn) {Int+4}
   (You found it on level 6 of the Dungeon)

   It affects your intelligence (+4).
Jewellery
 g - an uncursed amulet of guardian spirit
 h - a ring of positive energy (left hand)
 w - an amulet of regeneration (around neck)
 D - a ring of stealth (right hand)
 R - an uncursed amulet of rage {unknown}
Wands
 y - a wand of slowing (20/48)
 A - a wand of lightning (13/15)
 L - a wand of iceblast (11/15)
Scrolls
 b - a scroll of amnesia
 l - 3 scrolls of identify
 t - 4 scrolls of remove curse
 E - 3 scrolls of torment {unknown}
 F - a scroll of teleportation {unknown}
Potions
 d - 4 potions of might
 e - 4 potions of curing
 j - a potion of cure mutation {unknown}
 o - 2 potions of lignification
 p - 3 potions of brilliance
 q - a potion of agility
 x - a potion of cancellation {unknown}
 z - a potion of degeneration {unknown}
 J - a potion of haste {unknown}
Comestibles
 B - a meat ration
 G - a bread ration


   Skills:
 + Level 6.0 Fighting
 + Level 9.1 Long Blades
 + Level 0.4 Throwing
 + Level 7.5 Armour
 + Level 3.4 Dodging
 + Level 0.3 Stealth
 + Level 7.7 Shields
 + Level 0.1 Evocations


You had 8 spell levels left.
You didn't know any spells.

Dungeon Overview and Level Annotations

Branches:
Dungeon (6/15)             Temple (1/1) D:5

Altars:
Ashenzari
Cheibriados
Dithmenos
Elyvilon
Fedhas
Gozag
Hepliaklqana
Kikubaaqudgha
Makhleb
Nemelex Xobeh
Qazlal
Ru
Uskayaw
Vehumet
Xom
Yredelemnul
The Shining One

Shops:
D:6 *!**


Innate Abilities, Weirdness & Mutations

You reflexively headbutt those who attack you in melee.
You have a pair of horns on your head.


Message History

Press: ? - help, Shift-Dir - straight line You hear a mighty clap of thunder!
The bolt of lightning hits something.
Makhleb accepts your kill.
Reactivating autopickup.
You feel a bit more experienced.
The bolt of lightning hits the orc priest.
The orc priest is heavily wounded.
The bolt of lightning hits the ice beast.
The ice beast is lightly wounded.
The bolt of lightning hits the ice beast.
The ice beast is severely wounded.
The bolt of lightning hits the orc priest.
You kill the orc priest!
Makhleb accepts your kill.
This wand has 13 charges left.
You hear a bark!
The orc priest mumbles some strange prayers to Beogh against you.
Beogh smites you!
You die...

#....# #....#
#######..|.#
#..........########
#.#####....[p....##
#..........###.#.##
#..###'###.>..>....
#..# #.# #..##.#.##
##@###.###..##.#...
#.'.._..'.###.####
#)#######.....#...
#.# ### #........#
#Y#######........#
#.o)oY.oo......<..
####o...o.........
#.#####........ #.#
##.†....#


You could see an ice beast and an orc priest.

Vanquished Creatures
  Pikel (D:6)
  Eustachio (D:6)
  Menkaure (D:4)
  Edmund (D:5)
  A slave (D:6)
  An ogre (D:5)
  A big kobold (D:3)
  6 scorpions
  A water moccasin skeleton (D:5)
  4 wights (D:6)
  2 howler monkeys
  2 crimson imps
  A hound (D:4)
  3 orc priests
  Crazy Yiuf (D:5)
  An iguana (D:5)
  5 orc wizards
  4 worker ants
  Robin (D:2)
  A howler monkey skeleton (D:5)
  4 adders
  3 worms
  2 dart slugs
  4 leopard geckos
  12 orcs
  2 ball pythons
  4 giant cockroaches
  13 goblins
  17 hobgoblins
  2 quokkas
  12 bats
  4 frilled lizards
  13 kobolds
  A leopard gecko zombie (D:6)
  10 rats
142 creatures vanquished.

Vanquished Creatures (others)
  A slave (D:6)
  A fungus (D:4)
2 creatures vanquished.

Grand Total: 144 creatures vanquished

Notes
Turn   | Place    | Note
-------+----------+-------------------------------------------
     0 | D:1      | dajomu the Minotaur Fighter began the quest for the Orb.
     0 | D:1      | Reached XP level 1. HP: 19/19 MP: 0/0
   130 | D:1      | Reached XP level 2. HP: 26/27 MP: 1/1
   616 | D:2      | Reached XP level 3. HP: 31/33 MP: 2/2
   670 | D:2      | Noticed Robin
   698 | D:2      | Reached skill level 3 in Long Blades
   703 | D:2      | Killed Robin
  1231 | D:2      | Reached XP level 4. HP: 40/40 MP: 3/3
  1633 | D:2      | Found a blossoming altar of Fedhas.
  2456 | D:3      | Reached skill level 4 in Long Blades
  2456 | D:3      | Reached skill level 1 in Dodging
  2456 | D:3      | Reached XP level 5. HP: 43/46 MP: 4/4
  2491 | D:3      | Reached skill level 5 in Shields
  2606 | D:3      | Reached XP level 6. HP: 53/53 MP: 5/5
  2867 | D:4      | Reached skill level 5 in Armour
  2881 | D:4      | Reached skill level 5 in Long Blades
  3396 | D:4      | Noticed Menkaure
  3403 | D:4      | Killed Menkaure
  3403 | D:4      | Reached XP level 7. HP: 36/60 MP: 6/6
  4001 | D:4      | Reached skill level 6 in Long Blades
  4139 | D:5      | Entered Level 5 of the Dungeon
  4432 | D:5      | Found a runed door.
  4436 | D:5      | Noticed Crazy Yiuf
  4440 | D:5      | Killed Crazy Yiuf
  4440 | D:5      | Reached skill level 5 in Fighting
  4625 | D:5      | Found a snail-covered altar of Cheibriados.
  4691 | D:5      | Noticed Edmund
  4710 | D:5      | Killed Edmund
  4710 | D:5      | Reached XP level 8. HP: 56/68 MP: 7/7
  5000 | D:5      | Reached skill level 7 in Long Blades
  5047 | D:5      | Found a staircase to the Ecumenical Temple.
  5076 | Temple   | Entered the Ecumenical Temple
  5453 | D:6      | Found Hihog's General Store.
  5457 | D:6      | Got a slimy ring mail
  5458 | D:6      | Found Etsimouz's Distillery.
  5477 | D:6      | Noticed Eustachio
  5527 | D:6      | Killed Eustachio
  5536 | D:6      | Found a stormy altar of Qazlal.
  5579 | D:6      | Identified the +5 ring mail of Poor Excuses {Int+4} (You found it on level 6 of the Dungeon)
  5661 | D:6      | Bought a scroll of remove curse for 33 gold pieces
  5661 | D:6      | Bought a scroll of identify for 22 gold pieces
  5661 | D:6      | Bought a scroll of identify for 22 gold pieces
  5661 | D:6      | Bought a scroll of remove curse for 33 gold pieces
  5663 | D:6      | Found Daetuir's Assorted Antiques.
  5666 | D:6      | Bought 3 scrolls labeled JIUXIC PU VOM for 93 gold pieces
  5666 | D:6      | Bought a scroll of identify for 62 gold pieces
  5715 | D:6      | Found Qeitodu's General Store.
  5718 | D:6      | Found a shattered altar of Ashenzari.
  5798 | D:6      | Reached skill level 8 in Long Blades
  5815 | D:6      | Noticed Pikel
  5829 | D:6      | Killed Pikel
  5829 | D:6      | Reached XP level 9. HP: 59/75 MP: 8/8
  5860 | D:6      | Found a burning altar of Makhleb.
  5878 | D:6      | Became a worshipper of Makhleb the Destroyer
  5963 | D:6      | Reached skill level 9 in Long Blades
  5973 | D:6      | HP: 3/75 [orc priest/divine providence (10)]
  5975 | D:6      | Killed from afar by an orc priest

Skill      XL: |  1  2  3  4  5  6  7  8  9 |
---------------+----------------------------+-----
Shields        | 4 5 6 7 |  7.7
Armour         | 4 5 6 7 |  7.5
Long Blades    | 3 4 5 6 8 9 |  9.1
Fighting       | 4 5 6 |  6.0
Dodging        | 1 2 3 |  3.4
Throwing       | |  0.4
Stealth        | |  0.3
Evocations     | |  0.1

Action                   |  1- 3 |  4- 6 |  7- 9 || total
-------------------------+-------+-------+-------++-------
Melee: Long sword        |    83 |   135 |   178 ||   396
       Headbutt          |    12 |    35 |    48 ||    95
Throw: Tomahawk          |       |       |     3 ||     3
Evoke: Wand              |       |       |     2 ||     2
  Use: Scroll            |       |    14 |     3 ||    17
       Potion            |       |     4 |       ||     4
  Eat: Bread ration      |     1 |     1 |     1 ||     3
       Beef jerky        |       |       |     1 ||     1
       Pizza             |       |       |     1 ||     1
Armor: Scale mail        |    44 |    88 |    41 ||   173
       Ring mail         |       |       |    25 ||    25
Dodge: Dodged            |    30 |    48 |    61 ||   139
Block: Shield            |    53 |   102 |    83 ||   238
       Rpst.: Long sword |     8 |    17 |    21 ||    46
